 Dungeon Crawl Stone Soup version 0.30.1-4-g462c640d31 (webtiles) character file.

Game seed: 7469600043563580713

283 kingsuperguy the Covered (level 6, 0/54 HPs)
             Began as an Armataur Fighter on Aug 25, 2023.
             Was a Believer of Wu Jian.
             Slain by Pikel
             ... wielding a +0 whip of flaming
              (6 damage)
             ... on level 4 of the Dungeon.
             The game lasted 00:06:40 (2431 turns).

kingsuperguy the Covered (Armataur Fighter)         Turns: 2431, Time: 00:06:40

Health: 0/54       AC:  5    Str: 21 (23) XL:     6   Next: 7%
Magic:  6/6        EV:  9    Int:  3 (9)  God:    Wu Jian [**....]
Gold:   281        SH:  4    Dex: 11 (13) Spells: 5/5 levels left

rFire   . . .        a - +0 long sword
rCold   . . .        c - +0 buckler
rNeg    . . .        d - +0 leather armour of the Nine Orbs {Dex+4}
rPois   .            (no helmet)
rElec   .            (no cloak)
rCorr   .            (no gloves)
SInv    .            (no barding)
Will    .....        (no amulet)
Stlth   +            (no ring)
HPRegen 0.29/turn    (no ring)
MPRegen 0.10/turn

%: roll
@: mighty
A: large, rugged brown scales 3, deformed body, armoured tail, roll, long
tongue, awkward tongue
a: Renounce Religion, Wall Jump


You were on level 4 of the Dungeon.
You worshipped Wu Jian.
Wu Jian was pleased with you.
You visited 1 branch of the dungeon, and saw 4 of its levels.

You collected 281 gold pieces.

Inventory:

Hand Weapons
 a - a +0 long sword (weapon)
Armour
 b - a +0 scale mail
 c - a +0 buckler (worn)
 d - the +0 leather armour of the Nine Orbs (worn) {Dex+4}
   (You found it on level 3 of the Dungeon)

   Dex:       It affects your dexterity (+4).
Wands
 p - a wand of iceblast (5)
Scrolls
 e - 3 scrolls of magic mapping {unknown}
 g - 3 scrolls of enchant weapon {unknown}
 h - 2 scrolls of identify {unknown}
 i - 2 scrolls of poison {unknown}
 l - a scroll of fear {unknown}
 m - a scroll of silence {unknown}
 n - 3 scrolls of blinking {unknown}
 q - a scroll of noise {unknown}
 r - 4 scrolls of teleportation {unknown}
 s - a scroll of torment {unknown}
 u - a scroll of amnesia {unknown}
Potions
 f - a potion of berserk rage {unknown}
 j - 6 potions of heal wounds {unknown}
 k - a potion of degeneration
 o - a potion of brilliance {unknown}


   Skills:
 + Level 3.2 Fighting
 + Level 3.7 Long Blades
 + Level 5.4 Armour
 + Level 1.1 Dodging
 + Level 1.0 Stealth
 + Level 3.8 Shields


You had 5 spell levels left.
You didn't know any spells.
Your spell library contained the following spells:

 Spells                   Type           Power      Damage    Failure   Level
 Sting                    Tmut/Pois      0%         1d3       65%         1
 Poisonous Vapours        Pois/Air       0%         N/A       78%         2
 Volatile Blastmotes      Fire/Tloc      0%         2d10      95%         3
 Fulminant Prism          Conj/Hex       0%         3d5       100%        4
 Iskenderun's Mystic Bla  Conj/Tloc      0%         2d3       100%        4
 Olgreb's Toxic Radiance  Pois           0%         N/A       100%        4
 Lee's Rapid Deconstruct  Erth           0%         3d4*      100%        5


Dungeon Overview and Level Annotations

Branches:
Dungeon (4/15)
 Temple: D:4-7

Altars:
Wu Jian

Shops:
D:3 :[(:

Annotations:
D:4 Pikel


Innate Abilities, Weirdness & Mutations

You are completely covered in rugged brown scales. (AC +3, +7% HP)
Armour fits poorly on your strangely shaped body.
You have a long armoured tail.
You roll when moving toward enemies. (Rampage)
Your long tongue fully drains potion bottles. (2x potion effects)
Your tongue gives you trouble enunciating. (1.5x scroll delay)


Message History

You roll towards the lemure!
Pikel, Merchant of Souls comes into view.
He is wielding a +0 whip of flaming.
You hit the lemure but do no damage.
A lemure comes into view.
You block the lemure's attack. The lemure closely misses you.
You closely miss the lemure.
Your tail-slap misses the lemure.
Found 10 gold pieces.
A lemure comes into view.
You closely miss the lemure. The lemure hits you.
You miss the lemure. You hit Pikel but do no damage. Pikel barely misses you.
You barely miss Pikel.
Pikel hits you with a +0 whip of flaming.
Pikel burns you.
You hit Pikel but do no damage.
Your tail-slap misses Pikel.
Pikel hits you with a +0 whip of flaming!
Pikel burns you.
You barely miss Pikel. Pikel barely misses you.
You closely miss Pikel.
Pikel hits you with a +0 whip of flaming!
Pikel burns you.
You feel very mighty all of a sudden.
You slurp down every last drop of the potion of might!
Pikel hits you with a +0 whip of flaming!
* * * LOW HITPOINT WARNING * * *
Pikel burns you.
* * * LOW HITPOINT WARNING * * *
You hit Pikel.
Pikel is lightly wounded.
Pikel hits you with a +0 whip of flaming!
* * * LOW HITPOINT WARNING * * *
Pikel burns you.
* * * LOW HITPOINT WARNING * * *
Pikel closely misses you.
It was a potion of degeneration.
There was something very wrong with that liquid.
You feel weakened.
You feel dopey.
You feel clumsy.
You slurp down every last drop of the potion of degeneration!
Pikel hits you with a +0 whip of flaming.
You die...

... ..(## ..... .....
######### #....
#....@K5# #....
#..####5##########....
#....5K..)........+....
......#..........#....
.####.##########.#####
. ............. ..
#######.##### 5.
#.##### .$. #.##...


You could see Pikel and 2 lemures.

Vanquished Creatures
  A black bear (D:3)
  Blork the orc (D:4)
  3 adders
  A worm (D:3)
  5 dart slugs
  5 orcs (D:3)
  2 bats
  5 endoplasms
  3 giant cockroaches (D:3)
  9 goblins
  6 hobgoblins
  4 jackals (D:1)
  8 quokkas
  5 ball pythons
  6 frilled lizards
  6 kobolds
  9 rats
79 creatures vanquished.

Notes
Turn   | Place    | Note
-------+----------+-------------------------------------------
     0 | D:1      | kingsuperguy the Armataur Fighter began the quest for the
                  | Orb.
     0 | D:1      | Reached XP level 1. HP: 19/19 MP: 1/1
    89 | D:1      | Reached XP level 2. HP: 13/26 MP: 2/2
    94 | D:1      | Reached skill level 4 in Armour
   568 | D:2      | Reached XP level 3. HP: 32/32 MP: 3/3
   916 | D:2      | Found a faded altar of an unknown god.
   988 | D:2      | Prayed at the altar of an unknown god.
   988 | D:2      | Became a worshipper of the Wu Jian Council
   988 | D:2      | Reached * piety under Wu Jian
  1217 | D:3      | Found Susampym's Armour Shop.
  1315 | D:3      | Noticed a black bear
  1333 | D:3      | Killed a black bear
  1334 | D:3      | Reached skill level 5 in Armour
  1334 | D:3      | Reached XP level 4. HP: 37/40 MP: 4/4
  1334 | D:3      | Reached XP level 5. HP: 44/48 MP: 5/5
  1385 | D:3      | Reached skill level 1 in Dodging
  1595 | D:3      | Found Winoomo's Book Emporium.
  1596 | D:3      | Reached ** piety under Wu Jian
  1606 | D:3      | Found Moekkueq's Weapon Emporium.
  1627 | D:3      | Identified the +0 leather armour of the Nine Orbs {Dex+4}
  1776 | D:3      | Found Wuzo's Book Boutique.
  2182 | D:4      | Noticed Blork the orc
  2193 | D:4      | Killed Blork the orc
  2194 | D:4      | Reached XP level 6. HP: 25/54 MP: 6/6
  2341 | D:4      | Reached skill level 1 in Stealth
  2416 | D:4      | Noticed Pikel
  2431 | D:4      | Slain by Pikel

Illustrated notes

Levels and vault maps discovered:
D:1:      saegor_arrival_simple_b, layout_rooms
D:2:      layout_rooms, hellmonk_ecumenical_altar_heavens_door,
          minmay_pentomino_w4
D:3:      layout_loops_ring, serial_shops, shop,
          nicolae_shop_bloodbath_and_beyond, shop, shop, amethyst_killhole,
          minmay_joined_circles
D:4:      layout_basic, uniq_blork_the_orc, uniq_pikel

Skill      XL: |  1  2  3  4  5  6 |
---------------+-------------------+-----
Long Blades    | 2 3 |  3.7
Armour         | 4 5 |  5.4
Fighting       | 3 |  3.2
Dodging        | 1 |  1.1
Stealth        | 1 |  1.0
Shields        | |  3.8

Action                     |  1- 3 |  4- 6 || total
---------------------------+-------+-------++-------
  Melee: Long sword        |   150 |   108 ||   258
         Tailslap          |    13 |    10 ||    23
    Use: Potion            |     3 |     2 ||     5
   Stab: Sleeping          |       |     2 ||     2
 Armour: Scale mail        |    91 |    18 ||   109
         Skin              |    27 |       ||    27
         Leather armour    |       |    11 ||    11
  Dodge: Dodged            |    90 |    32 ||   122
  Block: Buckler           |    32 |    16 ||    48
